 Dungeon Crawl Stone Soup version 0.24.0-13-gcf9b319 (webtiles) character file.

Game seed: 2780911379987743745, levelgen mode: deterministic

198 Fang the Covered (level 5, -6/34 HPs)
             Began as a Gargoyle Fighter on Jan 3, 2020.
             Killed from afar by an orc wizard (9 damage)
             ... with a puff of flame
             ... on level 3 of the Dungeon.
             The game lasted 00:03:20 (1308 turns).

Fang the Covered (Gargoyle Fighter)                 Turns: 1308, Time: 00:03:20

Health: -6/34      AC: 11    Str: 25    XL:     5   Next: 77%
Magic:  5/5        EV:  7    Int:  9    God:
Gold:   118        SH: 10    Dex:  9    Spells: 4/4 levels left

rFire    . . .     SeeInvis .   a - +0 war axe
rCold    . . .     Gourm    .   c - +0 shield
rNeg     + . .     Faith    .   b - +0 scale mail
rPois    ∞         Spirit   .   (no helmet)
rElec    +         Reflect  .   (no cloak)
rCorr    .         Harm     .   (no gloves)
MR       .....                  (no boots)
Stlth    ..........             (no amulet)
HPRegen  0.11/turn              (no ring)
MPRegen  0.09/turn              (no ring)

@: mighty
A: negative energy resistance 1, electricity resistance, unbreathing,
petrification resistance, rot immunity, AC +4
a: no special abilities


You were on level 3 of the Dungeon.
You were not hungry.

You visited 1 branch of the dungeon, and saw 3 of its levels.

You collected 118 gold pieces.

Inventory:

Hand Weapons
 a - a +0 war axe (weapon)
Armour
 b - a +0 scale mail (worn)
 c - a +0 shield (worn)
Jewellery
 i - an uncursed ring of poison resistance {unknown}
Scrolls
 e - 3 scrolls of identify {unknown}
 h - a scroll of enchant weapon {unknown}
 j - a scroll of teleportation {unknown}
 l - a scroll of fog {unknown}
Potions
 k - a potion of curing {unknown}
 m - a potion of ambrosia {unknown}
Comestibles
 f - 5 rations
 g - a chunk of flesh


   Skills:
 + Level 4.4 Fighting
 + Level 3.0 Axes
 + Level 4.4 Armour
 + Level 4.4 Shields


You had 4 spell levels left.
You didn't know any spells.
Your spell library was empty.

Dungeon Overview and Level Annotations

Branches:
Dungeon (3/15)

Altars:


Innate Abilities, Weirdness & Mutations

You are resistant to torment.
Your stone body is resilient. (AC +4)
You are immune to poison.
You resist negative energy. (rN+)
You are resistant to electric shocks. (rElec)
You can survive without breathing.
You are immune to petrification.
You are immune to rotting.


Message History

A rat comes into view.
Something hits you but does no damage. x2
You miss something. Something hits you but does no damage.
You feel very mighty all of a sudden.
You hear some strange, mumbled words.
A puff of flame appears from out of thin air!
You block the puff of flame.
Your shield prevents you from hitting something.
An orc wizard appears from thin air!
Reactivating autopickup.
You block the orc wizard's attack.
You closely miss the orc wizard.
The orc wizard is almost dead.
The orc wizard casts a spell.
The orc wizard flickers and vanishes!
Deactivating autopickup; reactivate with Ctrl-A.
You hear some strange, mumbled words.
A puff of flame appears from out of thin air!
The puff of flame hits you!
You die...

.. #.# ...
#.# #.# ###
#.#
....r###.###
#..So{@%..#
#.#####.#.#
# #÷#.###
#.#####.#..>
......#.#.#
#.........#
#####.....#
##....#
##.#.# ###


You could see an adder, an orc and a rat.

Vanquished Creatures
  A centaur (D:2)
  An orc priest (D:3)
  2 adders (D:2)
  2 oozes (D:1)
  A worm (D:2)
  2 dart slugs
  A leopard gecko (D:1)
  An orc (D:3)
  4 giant cockroaches
  7 goblins
  5 hobgoblins
  6 jackals
  A quokka (D:2)
  9 bats
  4 frilled lizards
  9 kobolds
  7 rats
63 creatures vanquished.

Notes
Turn   | Place    | Note
-------+----------+-------------------------------------------
     0 | D:1      | Fang the Gargoyle Fighter began the quest for the Orb.
     0 | D:1      | Reached XP level 1. HP: 14/14 MP: 1/1
    89 | D:1      | Reached XP level 2. HP: 16/19 MP: 2/2
   311 | D:1      | Reached XP level 3. HP: 21/23 MP: 3/3
   801 | D:2      | Reached XP level 4. HP: 26/29 MP: 4/4
   887 | D:2      | Noticed a centaur
   896 | D:2      | Killed a centaur
   896 | D:2      | Reached XP level 5. HP: 23/33 MP: 5/5
  1308 | D:3      | Killed from afar by an orc wizard

Levels and vault maps discovered:
D:1:      lightli_arrival_windingriver, layout_basic
D:2:      layout_rooms, palyth_stone_intersect, minmay_liquid_box
D:3:      layout_loops_corners, led_xom_imps, first_ration

Skill      XL: |  1  2  3  4  5 |
---------------+----------------+-----
Axes           | 2 3 |  3.0
Armour         | 4 |  4.4
Shields        | 4 |  4.4
Fighting       | 4 |  4.4

Action                   |  1- 3 |  4- 6 || total
-------------------------+-------+-------++-------
Melee: War axe           |   142 |    92 ||   234
  Use: Potion            |       |     1 ||     1
  Eat: Chunk             |       |     2 ||     2
Armor: Scale mail        |    91 |    57 ||   148
Dodge: Dodged            |    63 |    28 ||    91
Block: Shield            |    93 |    60 ||   153
